Map: Ulrena

Players

capac - Winner!

  • Race: Terran Terran
  • League: Gold

A.I. 1 (Elite)

  • Race: Terran Terran

VOD

Have the link to the VOD?

Description

Time

  • Played on: March 15, 2016, 2:21 p.m.
  • Length: 18:35
Show
View Real Time Build Order
Export as new Build Order

capac Terran - Winner!

Build Orders: Liberator Opening, MMM Bio 

Get SALT Encoding   

  12  0:00  SCV  
  13  0:13  SCV  
  14  0:18  Supply Depot  
  14  0:25  SCV  
  15  0:39  SCV  
  15  0:41  Barracks  
  16  0:51  SCV  
  16  0:53  Refinery  
  17  1:03  SCV  
  18  1:15  SCV  
  19  1:28  SCV  
  20  1:34  Command Center  
  20  1:39  Barracks Reactor  
  20  1:40  SCV  
  21  1:50  Supply Depot  
  21  1:55  Orbital Command  
  21  2:14  Barracks  
  21  2:16  Marine x2  
  23  2:24  Factory  
  23  2:28  Refinery  
  23  2:31  SCV  
  24  2:38  Marine x2  
  24  2:43  SCV  
  27  2:49  Orbital Command  
  27  3:04  SCV  
  28  3:05  Barracks Tech Lab  
  28  3:11  Starport  
  28  3:12  Factory Reactor  
  28  3:20  Engineering Bay  
  28  3:22  SCV  
  29  3:33  SCV  
  30  3:34  SCV  
  30  3:39  Refinery, Marine x3  
  34  3:41  Stimpack  
  34  3:45  SCV  
  34  3:47  SCV  
  36  3:49  Supply Depot  
  36  3:51  Liberator  
  33  4:04  Bunker  
  33  4:06  Widow Mine, Marine x2  
  33  4:07  Widow Mine  
  42  4:16  Bunker  
  32  4:41  Marine  
  32  4:42  Marine  
  32  4:58  Marine  
  32  4:59  Marine  
  30  5:23  Liberator  
  31  6:07  Supply Depot  
  31  6:09  Supply Depot  
  31  6:23  Combat Shields  
  31  6:27  Liberator  
  31  6:28  Marine x3  
  31  6:32  Factory Tech Lab  
  34  6:34  Supply Depot  
  34  6:39  SCV  
  35  6:45  Command Center  
  38  6:50  Marine x3  
  41  7:00  Supply Depot  
  41  7:04  SCV  
  42  7:11  Siege Tank  
  42  7:14  Liberator  
  45  7:26  Terran Infantry Weapons Level 1  
  45  7:34  SCV  
  49  7:46  SCV  
  49  7:48  Siege Tank  
  53  8:10  Command Center  
  53  8:21  Orbital Command  
  53  8:28  SCV  
  54  8:37  Marine x3  
  54  8:41  SCV  
  58  8:44  Medivac x2  
  62  8:54  Marine  
  62  8:55  Marine  
  64  8:58  Supply Depot  
  64  9:03  Marine  
  64  9:08  Siege Tank  
  68  9:10  SCV x2  
  70  9:24  Medivac x2  
  70  9:26  Marine x2  
  70  9:28  Marine  
  70  9:30  SCV  
  78  9:31  SCV  
  72  10:25  Marine x3  
  72  10:27  SCV x2  
  77  10:33  Supply Depot  
  77  10:34  Refinery, Barracks  
  77  10:37  Barracks  
  77  10:39  SCV x2  
  79  10:42  Marine  
  76  11:21  Marine  
  76  11:22  Marine x2  
  76  11:23  Siege Tank  
  76  11:25  Medivac x2  
  85  11:27  SCV x2  
  86  11:39  Marine  
  83  11:58  Marine x3  
  86  12:04  Orbital Command  
  86  12:06  SCV x2  
  88  12:16  Marine x2  
  88  12:18  SCV  
  88  12:21  Marine  
  91  12:34  Marine x2  
  88  13:33  Marine x3  
  91  13:51  Marine  
  92  14:36  Liberator x2  
  90  14:42  Marine x3  
  93  14:51  Siege Tank  
  102  15:00  Marine x3  
  95  15:18  Marine x3  
  95  15:36  Marine x3  
  95  15:40  SCV x2  
  99  15:52  SCV  
  99  15:53  Marine  
  99  15:54  Marine x2, Command Center  
  103  15:58  Command Center  
  103  16:05  Barracks  
  103  16:08  Barracks, Command Center  
  103  16:10  Barracks x3  
  102  16:11  Marine x2  
  102  16:15  Command Center  
  104  16:59  Barracks Reactor x5  
Show
View Real Time Build Order
Export as new Build Order

A.I. 1 (Elite) Terran 

Build Orders: MMM Bio 

Get SALT Encoding   

  12  0:00  SCV  
  13  0:13  SCV  
  14  0:20  Supply Depot  
  14  0:25  SCV  
  15  0:41  SCV  
  16  0:44  Barracks  
  16  0:46  Refinery  
  16  0:54  SCV  
  17  1:03  Barracks  
  17  1:06  SCV  
  18  1:18  SCV  
  19  1:31  Marine  
  19  1:32  Orbital Command  
  20  1:40  Barracks  
  20  1:48  Marine  
  20  1:49  Marine  
  22  1:57  Supply Depot  
  22  1:59  SCV  
  23  2:06  Barracks Tech Lab  
  23  2:08  Barracks Tech Lab  
  23  2:19  SCV  
  24  2:24  Marine  
  24  2:26  Marine, Stimpack  
  24  2:27  Concussive Shells, Marine  
  27  2:35  Supply Depot  
  27  2:42  Marine  
  27  2:44  Marine x2  
  28  2:45  SCV  
  31  3:00  Marauder  
  31  3:02  Marauder, Marine  
  36  3:07  Supply Depot  
  36  3:20  Marine, SCV  
  36  3:21  Marine, Combat Shields  
  39  3:28  Supply Depot  
  39  3:29  Marine  
  40  3:38  Marine  
  40  3:40  Marauder  
  43  3:47  Marauder  
  45  3:48  Refinery  
  45  4:05  Marauder  
  45  4:08  Marauder  
  49  4:11  Supply Depot, SCV  
  50  4:23  SCV  
  51  4:26  Marauder  
  52  4:34  Command Center  
  52  4:36  SCV  
  53  4:41  Marauder  
  53  4:44  Marine  
  45  4:47  Marine  
  45  5:02  Marine x2  
  45  5:05  Marauder  
  46  5:16  Factory  
  46  5:20  Marauder, Marine  
  49  5:24  Engineering Bay  
  47  5:32  Marine  
  46  5:37  Marine  
  46  5:41  Marine  
  48  5:46  SCV  
  48  5:48  SCV  
  48  5:49  Marine  
  50  5:53  Terran Infantry Weapons Level 1  
  51  5:58  SCV  
  51  5:59  Marine  
  51  6:03  SCV  
  54  6:10  SCV  
  57  6:11  Marauder  
  57  6:15  SCV  
  58  6:21  Marauder  
  58  6:23  SCV  
  61  6:27  SCV  
  62  6:35  SCV  
  62  6:39  SCV  
  64  6:47  Marine x2, SCV  
  64  6:49  Engineering Bay, Barracks Reactor  
  64  6:52  SCV  
  68  7:00  Command Center  
  68  7:05  Marauder  
  70  7:13  Supply Depot, SCV  
  70  7:15  Terran Infantry Armor Level 1, SCV  
  72  7:21  Marauder  
  74  7:25  Factory Tech Lab, SCV  
  75  7:33  Orbital Command  
  75  7:37  SCV  
  75  7:39  Supply Depot  
  75  7:43  Missile Turret  
  76  7:46  Missile Turret  
  76  7:47  Siege Tank  
  76  7:49  SCV  
  80  7:59  Barracks  
  80  8:01  SCV  
  80  8:02  Starport  
  81  8:07  Supply Depot  
  81  8:11  Marine  
  82  8:13  SCV  
  82  8:14  SCV  
  82  8:16  SCV  
  82  8:19  Siege Tank  
  88  8:25  SCV  
  88  8:26  SCV  
  90  8:28  SCV  
  90  8:34  Marine  
  91  8:37  SCV  
  91  8:38  SCV, Missile Turret  
  91  8:40  Starport Reactor, SCV  
  95  8:46  Missile Turret  
  95  8:47  Marauder  
  97  8:49  SCV  
  97  8:51  Siege Tank, SCV  
  97  8:52  Marauder  
  97  8:54  SCV  
  97  8:55  Supply Depot  
  105  9:01  SCV  
  106  9:03  SCV  
  106  9:06  SCV  
  106  9:07  Missile Turret  
  108  9:14  Refinery  
  108  9:15  Refinery  
  108  9:16  Medivac  
  110  9:17  Supply Depot  
  110  9:19  Orbital Command  
  110  9:23  Siege Tank  
  113  9:27  Refinery  
  113  9:29  Refinery  
  113  9:33  Missile Turret  
  113  9:36  SCV  
  113  9:37  SCV  
  115  9:42  Supply Depot  
  115  9:46  Armory  
  115  9:48  SCV  
  115  9:50  Marine x2, SCV x2  
  115  9:52  Marine x3  
  106  9:55  Widow Mine  
  106  9:56  Command Center  
  90  10:00  SCV  
  90  10:02  SCV x2  
  90  10:03  Liberator  
  81  10:08  Marauder, Marine  
  81  10:10  Marine x2  
  81  10:11  Marine  
  81  10:13  Liberator, SCV  
  86  10:14  SCV  
  90  10:24  Siege Tank  
  90  10:26  Marine  
  90  10:27  Marine  
  95  10:28  Marine  
  95  10:29  Marauder  
  101  10:38  Marine  
  102  10:44  Marauder  
  102  10:45  Marine  
  102  10:46  Marine  
  101  10:51  Marauder  
  101  10:56  Marine, Siege Tank  
  91  10:59  SCV x2  
  91  11:00  SCV  
  91  11:03  Marine  
  81  11:04  Marine  
  81  11:05  Marauder  
  70  11:11  SCV x2  
  70  11:12  Marine, SCV  
  70  11:13  Marine, SCV  
  71  11:21  Marine  
  71  11:23  SCV x2  
  71  11:25  SCV  
  63  11:27  Marauder, SCV  
  63  11:29  Marine  
  63  11:30  Marine  
  63  11:31  Marine  
  65  11:35  SCV  
  59  11:40  SCV  
  59  11:43  SCV  
  59  11:45  SCV  
  60  11:47  Marine, SCV  
  60  11:48  Marine x2, Siege Tank  
  60  11:49  Marine  
  60  11:53  SCV  
  63  12:00  SCV  
  63  12:01  SCV x2  
  63  12:05  Marine, SCV  
  63  12:06  Marauder, Barracks Reactor  
  63  12:13  Marine  
  61  12:16  SCV  
  61  12:19  SCV  
  61  12:20  Siege Tank  
  65  12:27  Marauder  
  61  12:33  Marine  
  61  12:35  SCV  
  61  12:36  SCV x2  
  62  12:42  SCV  
  61  12:48  Marine, SCV x2  
  61  12:49  SCV  
  61  12:51  Marine  
  63  12:52  Siege Tank  
  63  12:54  SCV  
  67  13:00  SCV  
  67  13:01  SCV  
  67  13:02  SCV  
  70  13:06  Marauder  
  70  13:07  SCV  
  70  13:09  Barracks Tech Lab  
  70  13:12  SCV  
  67  13:15  SCV  
  67  13:19  SCV, Planetary Fortress  
  66  13:24  SCV  
  62  13:27  SCV  
  39  14:17  Barracks  
  39  14:19  Missile Turret  
  32  14:26  SCV x2  
  25  14:38  SCV  
  25  14:51  SCV  
  21  15:00  Command Center  
  21  15:03  SCV  
  21  15:07  Marine  
  23  15:15  SCV  
  24  15:26  Barracks Tech Lab  
  24  15:27  SCV  
  25  15:30  Command Center  
  25  15:33  Factory  
  22  15:43  Marine  
  22  16:03  SCV  
  25  16:15  SCV  
  25  16:20  Starport  
  25  16:22  Barracks  
  23  16:27  SCV  
  24  16:39  SCV  
  18  16:43  SCV  
  17  16:51  SCV  
  18  16:55  SCV  
  19  17:06  Command Center  
  17  17:21  SCV  
  18  17:35  Barracks  
Tags
 
Composition
MMM BioMMM Bio
League
Gold
Matchup
TvT
Race
Terran
Add a new tag
Caveats
  • Supply blocks, unpowered buildings, or Contaminate may cause inaccurate times.
  • Supply counts are checked every 10 seconds.